 Dungeon Crawl Stone Soup version 0.29-a0-1016-g236c7fd91e (webtiles) character file.

Game seed: 13510448847049485419

7065 drpainis the Covert (level 10, -7/46 HPs)
             Began as a Spriggan Enchanter on Aug 9, 2022.
             Was a Believer of Dithmenos.
             Killed from afar by an acid dragon (11 damage)
             ... with a splash of acid
             ... on level 10 of the Dungeon on Aug 10, 2022.
             The game lasted 00:27:36 (13017 turns).

drpainis the Covert (Spriggan Enchanter)           Turns: 13017, Time: 00:27:36

Health: -7/46      AC:  2    Str:  4    XL:     10   Next: 83%
Magic:  24/25      EV: 20    Int: 18    God:    Dithmenos [**....]
Gold:   595        SH:  0    Dex: 19    Spells: 14/29 levels left

rFire   . . .      SeeInvis +   w - +4 dagger
rCold   . . .      Faith    .   (no shield)
rNeg    . . .      Spirit   .   b - +0 robe
rPois   +          Reflect  .   (helmet restricted)
rElec   .          Harm     .   (no cloak)
rCorr   +          Rampage  +   (gloves unavailable)
Will    +....                   (boots unavailable)
Stlth   ++++++++..              p - amulet of Lady Luck {RegenMP Rampage rPois}
HPRegen 0.15/turn               s - ring of resist corrosion
MPRegen 0.59/turn               G - ring of poison resistance

@: confusing by touch, wreathed by umbra, very quick
A: very small, no large weapons, unfitting armour, see invisible, speed 3
a: Renounce Religion, Shadow Step


You were on level 10 of the Dungeon.
You worshipped Dithmenos.
Dithmenos was pleased with you.
You visited 2 branches of the dungeon, and saw 11 of its levels.

You collected 595 gold pieces.

Inventory:

Hand Weapons
 a - a +1 dagger
 w - a +4 dagger (weapon)
Missiles
 y - a throwing net (quivered)
Armour
 b - a +0 robe (worn)
Jewellery
 i - an amulet of regeneration
 p - the amulet of Lady Luck (around neck) {RegenMP Rampage rPois}
   (You found it on level 2 of the Dungeon)

   [amulet of magic regeneration]

   It increases your rate of magic regeneration.
   rPois:     It protects you from poison.
   Rampage:   It bestows one free step when moving towards enemies.
 q - an amulet of guardian spirit
 s - a ring of resist corrosion (left hand)
 G - a ring of poison resistance (right hand)
Wands
 x - a wand of polymorph (7)
 A - a wand of flame (21)
 H - a wand of charming (6)
Scrolls
 c - a scroll of fear {unknown}
 d - a scroll of amnesia {unknown}
 e - a scroll of teleportation {unknown}
 f - 3 scrolls of identify
 g - a scroll of noise {unknown}
 j - 2 scrolls of magic mapping
 u - a scroll of blinking {unknown}
 v - 2 scrolls of fog {unknown}
 z - 2 scrolls of poison {unknown}
 C - a scroll of enchant armour {unknown}
 D - 4 scrolls of silence {unknown}
 E - 2 scrolls of immolation {unknown}
 F - a scroll of vulnerability {unknown}
Potions
 h - 6 potions of heal wounds
 k - 2 potions of brilliance {unknown}
 l - 2 potions of resistance
 m - a potion of mutation {unknown}
 n - 2 potions of haste {unknown}
 o - 2 potions of curing
 r - 2 potions of degeneration
 t - 4 potions of attraction {unknown}
 B - 2 potions of berserk rage {unknown}


   Skills:
 + Level 2.1 Fighting
 + Level 5.0 Short Blades
 + Level 5.4 Dodging
 + Level 14.2 Stealth
 + Level 10.0 Spellcasting
 + Level 0.5 Conjurations
 + Level 10.0 Hexes
 + Level 4.5 Ice Magic


You had 14 spell levels left.
You knew the following spells:

 Your Spells              Type           Power      Damage    Failure   Level
a - Ensorcelled Hibernat  Hex/Ice        70%        N/A       1%          2
b - Confusing Touch       Hex            45%        N/A       1%          3
c - Tukima's Dance        Hex            45%        N/A       1%          3
d - Dazzling Flash        Conj/Hex       54%        N/A       2%          3
e - Hailstorm             Conj/Ice       18%        3d6       28%         4

Your spell library contained the following spells:

 Spells                   Type           Power      Damage    Failure   Level
 Summon Guardian Golem    Hex/Summ       27%        N/A       3%          3
 Shock                    Conj/Air       36%        1d5       7%          1
 Summon Small Mammal      Summ           36%        N/A       8%          1
 Leda's Liquefaction      Hex/Erth       13%        N/A       10%         4
 Call Canine Familiar     Summ           9%         N/A       24%         3
 Swiftness                Air            9%         N/A       24%         3
 Ice Form                 Ice/Tmut       17%        N/A       30%         4
 Airstrike                Air            4%         2d(1-17)  61%         4
 Lee's Rapid Deconstruct  Erth           4%         3d6*      91%         5
 Simulacrum               Ice/Necr       8%         N/A       99%         6
 Statue Form              Tmut/Erth      6%         N/A       100%        6


Dungeon Overview and Level Annotations

Branches:
Dungeon (10/15)            Temple (1/1) D:4            Lair (0/5) D:8
    Orc: D:9-12

Altars:
Ashenzari
Dithmenos
Elyvilon
Gozag
Kikubaaqudgha
Nemelex Xobeh
Okawaru
Ru
Sif Muna
Vehumet
Wu Jian
Xom
Yredelemnul
Zin
The Shining One

Shops:
D:4 :


Innate Abilities, Weirdness & Mutations

You are very small and have problems with some larger weapons.
You are too small for most types of armour.
You have supernaturally acute eyesight. (SInv)
You cover ground extremely quickly. (Speed+++)


Message History

Aiming: Ensorcelled Hibernation (safe; 1% risk of failure)
Press: ? - help, Shift-Dir - straight line, f - kobold brigand
Aim: a kobold brigand, wielding a staff of conjuration and quivering curare-tipped darts (wandering, hasn't noticed you, chance to affect: 63%)
The kobold brigand shouts!
The kobold brigand looks drowsy...
You hear two shouts!
You rampage towards the kobold brigand!
You rampage towards the kobold brigand!
You rampage towards the kobold brigand!
The helpless kobold brigand fails to defend itself.
You skewer the kobold brigand like a kebab!!!!
You kill the kobold brigand!
Dithmenos accepts your kill.
Items here: $ ( ? | †.
There is a stone staircase leading down here.
You climb downwards.
Found 2 scrolls labelled EREVUILYER.
There is a stone staircase leading up here.
There are monsters nearby!
An acid dragon comes into view.
Found an escape hatch in the ceiling.
You open the door. 2 yaks come into view.
Found a large bronze ring.
Casting: Ensorcelled Hibernation (safe; 1% risk of failure)
Confirm with . or Enter, or press ? or * to list all spells.
Your hands begin to glow red.
The yak bellows! x2; You hear a bellow!
The acid dragon roars!
The vampire hits you!
* * * LOW HITPOINT WARNING * * *
The vampire misses you.
A yak comes into view.
You barely miss the vampire.
Found a scroll labelled ETEBRI VELUI.
The vampire mumbles some strange words.
The vampire flickers and vanishes for a moment.
A yak comes into view.
The acid dragon spits acid at you. The splash of acid hits you! You resist.
You die...

... .. .. .. .
....
##+##.#######..##
#.....#.<...#....
#................
#@........
...##..D..##.
#........Y.####+#
........V..YY...#
#...##.....#Y...#
#...##.....# .?..
... #......# ...
.. #....o.#
##....##


You could see 4 yaks, a vampire (invisible), an acid dragon (catching breath)
and an orc.

Vanquished Creatures
  A two-headed ogre (D:9)
  2 dancing weapons
  2 unseen horrors (D:9)
  A komodo dragon (D:8)
  9 yaks
  A shadow (D:9)
  3 steam dragons
  2 wyverns
  An acid dragon (D:8)
  A water moccasin (D:8)
  2 ice beasts (D:6)
  2 black bears
  An ogre (D:3)
  An orc warrior (D:9)
  2 centaurs
  2 phantoms (D:5)
  2 bullfrogs
  2 kobold brigands (D:9)
  A scorpion (D:6)
  7 wights
  15 killer bees
  2 howler monkeys
  An orc priest (D:7)
  3 hounds
  5 orc wizards
  3 gnolls (D:6)
  8 adders
  2 shadow imps
  2 white imps (D:5)
  4 worms
  6 dart slugs
  16 orcs
  13 ball pythons
  6 bats
  2 endoplasms
  A giant cockroach (D:1)
  3 goblins
  5 hobgoblins
  A jackal (D:3)
  7 kobolds
  3 quokkas
  4 frilled lizards
  7 rats
164 creatures vanquished.

Vanquished Creatures (collateral kills)
  A two-headed ogre (D:8)
  A centaur (D:6)
  2 wights
4 creatures vanquished.

Vanquished Creatures (others)
  A black mamba (shapeshifter) (D:9)
  A yak (D:8)
  A fungus (D:2)
  8 plants
11 creatures vanquished.

Grand Total: 179 creatures vanquished

Notes
Turn   | Place    | Note
-------+----------+-------------------------------------------
     0 | D:1      | drpainis the Spriggan Enchanter began the quest for the
                  | Orb.
     0 | D:1      | Reached XP level 1. HP: 9/9 MP: 5/5
   358 | D:1      | Reached skill level 5 in Stealth
   358 | D:1      | Reached XP level 2. HP: 13/13 MP: 6/6
  1085 | D:2      | Reached XP level 3. HP: 12/16 MP: 8/8
  1305 | D:2      | Found a faded altar of an unknown god.
  1815 | D:2      | Identified the amulet of Lady Luck {RegenMP Rampage rPois}
  2291 | D:2      | You fall into a shaft and drop 2 floors!
  2369 | D:3      | Reached skill level 6 in Stealth
  2369 | D:3      | Reached XP level 4. HP: 21/21 MP: 9/9
  3031 | D:2      | Learned a level 2 spell: Ensorcelled Hibernation
  3035 | D:2      | Learned a level 3 spell: Confusing Touch
  3039 | D:2      | Learned a level 3 spell: Tukima's Dance
  3055 | D:3      | Noticed an ogre
  3199 | D:3      | Killed an ogre
  3200 | D:3      | Reached XP level 5. HP: 25/25 MP: 5/10
  4024 | D:4      | Reached skill level 7 in Stealth
  4256 | D:4      | Found Xiroatto's Tremendous Tomes.
  4648 | D:4      | Found a staircase to the Ecumenical Temple.
  4660 | Temple   | Entered the Ecumenical Temple
  4709 | Temple   | Became a worshipper of Dithmenos the Shadowed
  4805 | D:5      | Entered Level 5 of the Dungeon
  4876 | D:5      | Noticed a phantom
  4882 | D:5      | Killed a phantom
  4883 | D:5      | Reached skill level 1 in Ice Magic
  4883 | D:5      | Reached XP level 6. HP: 29/29 MP: 12/12
  5127 | D:5      | Reached skill level 1 in Fighting
  5127 | D:5      | Reached skill level 5 in Hexes
  5383 | D:5      | Reached XP level 7. HP: 18/33 MP: 10/14
  6013 | D:5      | Reached skill level 8 in Stealth
  6013 | D:5      | Reached skill level 5 in Spellcasting
  6529 | D:6      | Learned a level 3 spell: Dazzling Flash
  6715 | D:6      | Found an iron altar of Okawaru.
  7317 | D:6      | Reached skill level 9 in Stealth
  7317 | D:6      | Reached XP level 8. HP: 37/37 MP: 17/17
  7428 | D:6      | Identified the +3 leather armour "Nypnirack" {Rampage
                  | Regen+ Str+4}
  7518 | D:6      | Reached * piety under Dithmenos
  8001 | D:6      | Learned a level 4 spell: Hailstorm
  8710 | D:7      | Found a sparkling altar of Nemelex Xobeh.
  8793 | D:7      | Reached skill level 10 in Stealth
  9611 | D:8      | Reached XP level 9. HP: 32/41 MP: 13/21
 10011 | D:8      | Noticed a two-headed ogre
 10140 | D:9      | Killed a two-headed ogre
 10141 | D:9      | Reached skill level 11 in Stealth
 10393 | D:8      | Reached skill level 12 in Stealth
 10421 | D:8      | Reached XP level 10. HP: 44/46 MP: 7/24
 10675 | D:8      | Reached ** piety under Dithmenos
 10683 | D:8      | Found a staircase to the Lair.
 10942 | D:8      | Noticed a two-headed ogre
 10948 | D:8      | Killed a two-headed ogre
 10949 | D:8      | Reached skill level 13 in Stealth
 11169 | D:8      | Found an opulent altar of Gozag.
 11382 | D:9      | Found a shimmering altar of Xom.
 12557 | D:9      | Reached skill level 5 in Short Blades
 12559 | D:9      | Reached skill level 5 in Dodging
 12900 | D:9      | Reached skill level 14 in Stealth
 12928 | D:9      | Noticed a two-headed ogre
 12928 | D:9      | Noticed a manticore
 12933 | D:9      | Noticed a deep elf pyromancer
 12937 | D:9      | Killed a black mamba
 12991 | D:9      | Reached skill level 10 in Spellcasting
 12991 | D:9      | Reached skill level 10 in Hexes
 13005 | D:10     | Entered Level 10 of the Dungeon
 13017 | D:10     | Killed from afar by an acid dragon

Illustrated notes

Levels and vault maps discovered:
D:1:      minmay_arrival_jagged, layout_basic
D:2:      layout_loops_ring, shapermc_ecumenical_altar_ellora, st_stairs_13
D:3:      layout_rooms, chequers_serial_rivers_micro_c, minivault_14,
          minmay_misc_feat_iff, hex_large, st_stairs_3, minivault_11,
          chequers_serial_rivers_micro_e
D:4:      layout_rooms, minmay_temple_entry_fiery, nicolae_shop_i_like_big_books
D:5:      layout_basic, nicolae_figureground_pulse
D:6:      layout_loops_ring, mainiacjoe_overflow_catwalk
D:7:      layout_loops_ring, nemelex_xobeh_ov_fountains_minmay
D:8:      layout_gridville, grunt_gozag_breadcrumbs, david_lair_shrubbed,
          grunt_ministairs_5, nicolae_concentric_dashed_squares_wild,
          lemuel_flamethrower_2
D:9:      minmay_the_grid_octo_tiled_squarecenter
          [minmay_the_grid_octo_thin_diamonds, minmay_the_grid_octo_concentric,
          minmay_the_grid_octo_checkered, minmay_the_grid_octo_chip,
          minmay_the_grid_square_5x5_megaprize_open,
          minmay_the_grid_square_5x5_bite,
          minmay_the_grid_square_5x5_three_small,
          minmay_the_grid_square_5x5_comb, minmay_the_grid_square_5x5_shuriken],
          layout_loops_ring, lemuel_crystal_altar, uniq_erica
D:10:     layout_gridville, mainiacjoe_overflow_boulevard
Temple:   nicolae_temple_bog_church

Skill      XL: |  1  2  3  4  5  6  7  8  9 10 |
---------------+-------------------------------+-----
Stealth        | 5 6 7 9 10 12 14 | 14.2
Hexes          | 4 5 6 7 9 10 | 10.0
Dodging        | 3 4 5 |  5.4
Short Blades   | 2 3 4 5 |  5.0
Spellcasting   | 3 4 5 7 9 10 | 10.0
Ice Magic      | 1 2 3 4 |  4.5
Fighting       | 1 2 |  2.1
Conjurations   | |  0.5

Action                   |  1- 3 |  4- 6 |  7- 9 | 10-12 || total
-------------------------+-------+-------+-------+-------++-------
Melee: Dagger            |   114 |   120 |   139 |    73 ||   446
       Punch             |     2 |     1 |     4 |       ||     7
 Cast: Ensorcelled Hiber |       |    36 |    53 |    43 ||   132
       Tukima's Dance    |       |     9 |    15 |     3 ||    27
       Confusing Touch   |       |     4 |    18 |     4 ||    26
       Hailstorm         |       |       |     7 |     5 ||    12
       Dazzling Flash    |       |       |       |     1 ||     1
  Use: Scroll            |       |     1 |     4 |       ||     5
       Potion            |       |     1 |     2 |     1 ||     4
 Stab: Sleeping          |    17 |    29 |    39 |    26 ||   111
       Confused          |       |     1 |     7 |     3 ||    11
       Invisible         |       |     1 |       |       ||     1
Armor: Robe              |     8 |     2 |     9 |     6 ||    25
Dodge: Dodged            |    82 |    71 |   100 |   116 ||   369

Table legend: (Time is in decaauts)
 A = Elapsed time spent in this place.
 B = Non-inter-level travel time spent in this place.
 C = Inter-level travel time spent in this place.
 D = Time resting spent in this place.
 E = Time spent auto-exploring this place.
 F = Levels seen in this place.
 G = Mean time per level.
                   A        B        C        D        E       F      G
               +--------+--------+--------+--------+--------+-----+--------+
         Total |  10891 |  10823 |     68 |   6381 |   2671 |  11 |  990.1 |
       Dungeon |  10854 |  10786 |     68 |   6381 |   2655 |  10 | 1085.4 |
        Temple |     37 |     37 |      0 |      0 |     15 |   1 |   37.0 |
               +--------+--------+--------+--------+--------+-----+--------+

Top non-repeatable levels by time:
     D:8: 2006 daAuts
     D:2: 1644 daAuts
     D:5: 1483 daAuts
     D:6: 1375 daAuts
     D:7: 1160 daAuts
     D:9: 1017 daAuts
     D:1: 787 daAuts
     D:3: 707 daAuts
     D:4: 662 daAuts
  Temple: 37 daAuts
    D:10: 8 daAuts
